[Event "*** Titled Tuesday Blitz"]
[Site "Chess.com"]
[Date "2019.04.02"]
[Round "3"]
[White "Touching3200"]
[Black "INLOVEWITHF"]
[Result "1-0"]
[WhiteElo "2352"]
[BlackElo "2265"]
[TimeControl "180+2"]
[EndTime "14:31:57 PDT"]
[Termination "Touching3200 won by resignation"]

1. e4 e5 2. Nf3 Nc6 3. Bb5 a6 4. Ba4 d6 5. c4 Nf6 6. Nc3 Bg4 7. d3 Be7 8. h3 Bd7 9. Be3 O-O 10. d4 Nxd4 11.
Nxd4 Bxa4 12. Nxa4 exd4 13. Qxd4 b5 14. Nc3 bxc4 15.
Qxc4 Rb8 16. b3 c6 17. O-O d5 18. exd5 cxd5 19. Qxa6 d4 20. Rfd1 Bc5 21. Na4 dxe3 22. Rxd8 exf2+ 23. Kf1 1-0

[Event "*** Titled Tuesday Blitz"]
[Site "Chess.com"]
[Date "2019.04.02"]
[Round "3"]
[White "BlackBoarder"]
[Black "ruvat"]
[Result "1-0"]
[WhiteElo "2526"]
[BlackElo "2295"]
[TimeControl "180+2"]
[EndTime "14:32:01 PDT"]
[Termination "BlackBoarder won by resignation"]

1. e4 d6 2. d4 Nf6 3. Nc3 g6 4. Be2 Bg7 5. h4 h5 6. Nf3 c6 7. a4 a5 8. O-O O-O 9. Bf4 Na6 10.
Qd2 Bg4 11. Ng5 Bxe2 12. Qxe2 Nh7 13. Rad1 Nxg5 14. Bxg5 Qc7 15. f4 e5 16. dxe5 dxe5 17.
f5 Rfe8 18. Qc4 Qb6+ 19. Kh2 Qc5 20. Qa2 Nb4 21. Qb3 gxf5 22. Rxf5 Rf8 23. Rd7 1-0

[Event "*** Titled Tuesday Blitz"]
[Site "Chess.com"]
[Date "2019.04.02"]
[Round "3"]
[White "zurzan"]
[Black "NCchamp"]
[Result "0-1"]
[WhiteElo "2050"]
[BlackElo "2169"]
[TimeControl "180+2"]
[EndTime "14:32:08 PDT"]
[Termination "NCchamp won by resignation"]

1. e4 c5 2. Nf3 e6 3. d3 Nc6 4. Qe2 g6 5. c3 Bg7 6. g3 d6 7. Bg2 Nf6 8. O-O O-O 9. Na3 Rb8 10. Nc2 b5 11. d4 b4 12. Re1 bxc3 13. bxc3 Qa5 14. Bd2 Ba6 15. c4 Qa4 16. d5 Qxc2 17. dxc6 Qxc4 18. Qxc4 Bxc4 19. Rec1 Nxe4 20. Rxc4 Nxd2 21.
Rac1 Nxc4 22. Rxc4 Rb1+ 23. Bf1 Rc8 24. Nd2 Ra1 25. Ra4 Rxc6 26. Rxa7 Rb6 27. Ra8+ Bf8 28.
Ne4 Rbb1 29. Nf6+ Kg7 30. Nd7 Rxf1+ 31. Kg2 Be7 32. a4 Rg1+ 33. Kh3 g5 34. a5 f5 0-1

[Event "*** Titled Tuesday Blitz"]
[Site "Chess.com"]
[Date "2019.04.02"]
[Round "3"]
[White "Oleg_Papayan"]
[Black "champ2005"]
[Result "0-1"]
[WhiteElo "2505"]
[BlackElo "2810"]
[TimeControl "180+2"]
[EndTime "14:32:17 PDT"]
[Termination "champ2005 won by resignation"]

1. e4 e5 2. Nf3 Nf6 3. Nxe5 d6 4. Nc4 Nxe4 5. Nc3 Nf6 6. d4 d5 7. Ne5 Be7 8. Bd3 O-O 9. O-O Nbd7 10. Bf4 c6 11. Re1 Re8 12. Qf3 Nf8 13. h3 Ng6 14. Bg3 Bb4 15. Re2 Be6 16. Nd1 Ne4 17. Bxe4 dxe4 18. Qxe4 Bc4 19. Re3 f6 20. d5 cxd5 0-1

[Event "*** Titled Tuesday Blitz"]
[Site "Chess.com"]
[Date "2019.04.02"]
[Round "3"]
[White "Heineccius"]
[Black "Konavets"]
[Result "0-1"]
[WhiteElo "2493"]
[BlackElo "2800"]
[TimeControl "180+2"]
[EndTime "14:32:25 PDT"]
[Termination "Konavets won by resignation"]

1. d4 g6 2. Nf3 Bg7 3. c4 c5 4. d5 f5 5. g3 Nf6 6. Bg2 O-O 7. O-O d6 8. Nc3 Na6 9. Nd2 Nc7 10. e4 a6 11. a4 Rb8 12. a5 b5 13. axb6 Rxb6 14.
Re1 f4 15. Nf3 Nh5 16. e5 Bg4 17. exd6 exd6 18. Qd3 Rb3 19. Nd2 fxg3 20. hxg3 Bd4 21. Nde4 Bf5 22. Be3 Be5 23. Qd1 Rxb2 24. g4 Bxe4 25.
Nxe4 Nf4 26. Bf3 Qh4 27. Ng3 Nh3+ 28. Kg2 Qxg3+ 0-1

[Event "*** Titled Tuesday Blitz"]
[Site "Chess.com"]
[Date "2019.04.02"]
[Round "3"]
[White "Artur0208"]
[Black "AttilaTurzo"]
[Result "0-1"]
[WhiteElo "2617"]
[BlackElo "2556"]
[TimeControl "180+2"]
[EndTime "14:32:29 PDT"]
[Termination "AttilaTurzo won by resignation"]

1. d4 Nf6 2. Nf3 e6 3. c4 c5 4. d5 exd5 5. cxd5 d6 6. Nc3 g6 7. e4 Bg7 8. h3 a6 9. a4 O-O 10. Bd3 Re8 11. O-O b6 12. Bf4 Ra7 13. Qc2 Rae7 14.
Rae1 Qc7 15. Re2 c4 16. e5 cxd3 17. exd6 Qc4 0-1

[Event "*** Titled Tuesday Blitz"]
[Site "Chess.com"]
[Date "2019.04.02"]
[Round "3"]
[White "Zhuu96"]
[Black "RegZryt"]
[Result "1-0"]
[WhiteElo "2961"]
[BlackElo "2573"]
[TimeControl "180+2"]
[EndTime "14:32:49 PDT"]
[Termination "Zhuu96 won by resignation"]

1. e4 c5 2. Nf3 e6 3. d4 cxd4 4. Nxd4 Nf6 5. Nc3 Nc6 6. Ndb5 Bc5 7. Bf4 O-O 8. e5 Ne8 9. Ne4 Be7 10. c3 a6 11. Nbd6 Bxd6 12. exd6 f5 13. Ng5 Qf6 14. Bc4 b5 15. Bb3 Na5 16. Nf3 Nxb3 17. axb3 Bb7 18. Ne5 Qd8 19. O-O Qc8 20. c4 bxc4 21. Rc1 Bd5 22.
bxc4 Bc6 23. b4 Qb7 24. f3 Qxb4 25. Nxc6 dxc6 26. d7 Nf6 27. Bd6 Qb6+ 28. c5 Qd8 29. Bxf8 Kxf8 30. Qd6+ Kf7 31. Qxc6 Ra7 32. Rfd1 Rxd7 33.
Rxd7+ Qxd7 34. Qxd7+ Nxd7 35. c6 Nb6 36. c7 Nc8 37. Rd1 1-0

[Event "*** Titled Tuesday Blitz"]
[Site "Chess.com"]
[Date "2019.04.02"]
[Round "3"]
[White "PawnEatingZombie"]
[Black "europa2012"]
[Result "1-0"]
[WhiteElo "2155"]
[BlackElo "2109"]
[TimeControl "180+2"]
[EndTime "14:32:52 PDT"]
[Termination "PawnEatingZombie won by resignation"]

1. d4 Nf6 2. c4 e6 3. Nc3 Bb4 4. Qc2 O-O 5. e4 d5 6. e5 Ne4 7. Bd3 f5 8. exf6 Qxf6 9. Nf3 Bxc3+ 10. bxc3 c5 11. Bxe4 dxe4 12. Qxe4 Nc6 13. O-O cxd4 14.
cxd4 Bd7 15. Bg5 Qf7 16. Bh4 Rae8 17. Rfe1 h6 18. Rad1 Na5 19. Ne5 Bc6 20. Nxf7 Bxe4 21. Nd6 Bc2 22. Rd2 Ba4 23. Nxe8 Rxe8 24. Rc1 Rc8 25.
c5 b6 26. Bg3 bxc5 27. dxc5 Nb7 28. Rd4 Rxc5 29. Rxc5 Nxc5 30. Rc4 1-0

[Event "*** Titled Tuesday Blitz"]
[Site "Chess.com"]
[Date "2019.04.02"]
[Round "3"]
[White "ShimanovAlex"]
[Black "pedromartinez91"]
[Result "1-0"]
[WhiteElo "2848"]
[BlackElo "2499"]
[TimeControl "180+2"]
[EndTime "14:33:15 PDT"]
[Termination "ShimanovAlex won by resignation"]

1. d4 Nf6 2. Bf4 d5 3. e3 c5 4.
Nf3 Nc6 5. Nbd2 Bg4 6. c3 e6 7.
Qb3 Qc8 8. Nh4 cxd4 9. exd4 Be7 10. Bd3 O-O 11. Nhf3 Bxf3 12. Nxf3 Nh5 13. Be3 Bd6 14. g3 Nf6 15. Qc2 Qd7 16. O-O Rac8 17. Qe2 Rfe8 18.
Rfe1 e5 19. dxe5 Nxe5 20. Nxe5 Bxe5 21. Bb5 Qh3 22. Bxe8 Ng4 23. f3 Nxe3 24. Qxe3 Bxg3 25. hxg3 Qxg3+ 26. Kf1 d4 27. Qf2 Qh3+ 28. Qg2 Qf5 29. Ba4 dxc3 30. bxc3 g6 31. Re8+ Rxe8 32. Bxe8 Qd3+ 33.
Qe2 Qxc3 34. Re1 1-0

[Event "*** Titled Tuesday Blitz"]
[Site "Chess.com"]
[Date "2019.04.02"]
[Round "3"]
[White "DrRiebert"]
[Black "Satscho"]
[Result "1-0"]
[WhiteElo "2553"]
[BlackElo "2297"]
[TimeControl "180+2"]
[EndTime "14:33:29 PDT"]
[Termination "DrRiebert won by resignation"]

1. e4 c5 2. Nf3 d6 3. d4 cxd4 4. Nxd4 Nf6 5. Nc3 a6 6. Nb3 e6 7. g4 h6 8. h4 Nfd7 9. Be3 Be7 10. Qd2 Nc6 11. O-O-O Qc7 12. f4 b6 13. Bg2 Bb7 14. g5 hxg5 15. hxg5 O-O-O 16. g6 fxg6 17. Bh3 Nf8 18. Nd5 Qb8 19. Nxb6+ Kc7 20. Nc4 Nd7 21. Bxe6 Nc5 22. Bd5 Bf6 23. Nxc5 dxc5 24. Bxc5 Ne7 25. Qa5+ 1-0

[Event "*** Titled Tuesday Blitz"]
[Site "Chess.com"]
[Date "2019.04.02"]
[Round "3"]
[White "Benek77"]
[Black "GelmanAlexander"]
[Result "1-0"]
[WhiteElo "2612"]
[BlackElo "2562"]
[TimeControl "180+2"]
[EndTime "14:33:33 PDT"]
[Termination "Benek77 won by resignation"]

1. e4 c5 2. Nf3 e6 3. d4 cxd4 4. Nxd4 d6 5. Nc3 a6 6. Be2 Nf6 7. O-O Be7 8. f4 O-O 9. Bf3 Nc6 10. Be3 Qc7 11. Kh1 Re8 12. Qe1 Nxd4 13. Bxd4 e5 14. fxe5 dxe5 15. Qg3 Bc5 16. Bxc5 Qxc5 17. Be2 Qc6 18. Qh4 b5 19. Rf3 b4 20. Nd5 Nxd5 21.
exd5 Qxd5 22. Bc4 Qd7 23. Rxf7 Qxf7 24. Bxf7+ Kxf7 25. Qxh7 Re6 26. Rf1+ Rf6 27. Qh5+ Kf8 28. Rxf6+ gxf6 29. Qh8+ Kf7 30. Qh7+ Ke6 31. Qc7 Bd7 32.
Qc4+ Ke7 33. Qxb4+ Ke6 34. Qb6+ Ke7 35. h3 a5 36.
Qc5+ Ke6 37. c4 a4 38. Qd5+ 1-0

[Event "*** Titled Tuesday Blitz"]
[Site "Chess.com"]
[Date "2019.04.02"]
[Round "3"]
[White "advantageLucy"]
[Black "RayRobson"]
[Result "0-1"]
[WhiteElo "2496"]
[BlackElo "2839"]
[TimeControl "180+2"]
[EndTime "14:33:36 PDT"]
[Termination "RayRobson won by resignation"]

1. e4 e5 2. Nc3 Nc6 3. g3 Bc5 4. Bg2 d6 5. Nge2 f5 6. d3 Nf6 7. a3 O-O 8. O-O Kh8 9. b4 Bb6 10. h3 Nd4 11. Rb1 Qe8 12. Bg5 c6 13. a4 Qg6 14. Bxf6 Rxf6 15. a5 Nxe2+ 16. Nxe2 Bc7 17. f4 fxe4 18. dxe4 exf4 19. Rb3 fxg3 20. Rxg3 Qh6 21. Rxf6 Qxf6 22. Rf3 Qe7 23. Qf1 Be6 24. Nd4 Bg8 25.
Nf5 Qe5 26. c3 d5 27. Rg3 Rf8 28. Qd1 g6 0-1

[Event "*** Titled Tuesday Blitz"]
[Site "Chess.com"]
[Date "2019.04.02"]
[Round "3"]
[White "Chessialist"]
[Black "StoreySniper"]
[Result "1-0"]
[WhiteElo "2512"]
[BlackElo "2487"]
[TimeControl "180+2"]
[EndTime "14:33:45 PDT"]
[Termination "Chessialist won by resignation"]

1. e4 g6 2. h4 d5 3. exd5 Qxd5 4. Nc3 Qe5+ 5. Be2 Bg4 6. d4 Bxe2 7. Ngxe2 Qd6 8. Bf4 Qd7 9. h5 Bg7 10. Qd2 Nf6 11. h6 Bf8 12. O-O-O Nd5 13. Nxd5 Qxd5 14. Nc3 Qxg2 15. d5 Na6 16. Qd4 f6 17. Rhe1 Kf7 18.
Qc4 g5 19. d6+ Kg6 20. dxe7 Bxh6 21. Ne4 Rhe8 22. Nxf6 gxf4 23. Nxe8 Rxe8 24. Rg1 f3+ 25. Kb1 Rxe7 26. Rxg2+ fxg2 27. Qg4+ Kf7 28. Qxg2 Nc5 29. Qd5+ Ne6 30. Qh5+ Kg7 31. Rg1+ Ng5 32. Rxg5+ Kh8 33.
Re5 1-0

[Event "*** Titled Tuesday Blitz"]
[Site "Chess.com"]
[Date "2019.04.02"]
[Round "3"]
[White "m3alam"]
[Black "MathiasWomacka"]
[Result "0-1"]
[WhiteElo "2408"]
[BlackElo "2260"]
[TimeControl "180+2"]
[EndTime "14:33:49 PDT"]
[Termination "MathiasWomacka won by resignation"]

1. d4 Nf6 2. Nf3 e6 3. g3 c5 4.
Bg2 cxd4 5. O-O Nc6 6. Nxd4 Qb6 7. Nxc6 dxc6 8. Nd2 e5 9. b3 Qc7 10. Bb2 Bf5 11.
Nc4 Nd7 12. Qd2 b5 13. Nxe5 Nxe5 14. Bxe5 Qd7 15. Qc3 Rc8 16. Rfd1 Qe6 17. Bxg7 b4 18. Qd4 c5 19. Qb2 Rg8 20. Bf6 Rg6 21. e4 Bg4 22.
e5 Bxd1 23. Rxd1 Be7 24. Bf1 Bxf6 25. Rd6 Qxd6 0-1

[Event "*** Titled Tuesday Blitz"]
[Site "Chess.com"]
[Date "2019.04.02"]
[Round "3"]
[White "Alopekos"]
[Black "Vegan4future"]
[Result "1-0"]
[WhiteElo "2489"]
[BlackElo "2500"]
[TimeControl "180+2"]
[EndTime "14:33:58 PDT"]
[Termination "Alopekos won by resignation"]

1. e4 Nc6 2. Nf3 f5 3. d3 e5 4. Nc3 Nf6 5. g3 d5 6. exd5 Nxd5 7. Bg2 Be6 8. Nxe5 Nxe5 9. Qe2 Qd6 10. d4 Nxc3 11. bxc3 O-O-O 12. Qxe5 Qxe5+ 13. dxe5 Bc4 14. Be3 Ba3 15. f4 Bb2 16. Bxb7+ Kb8 17. Rb1 Bxc3+ 18. Kf2 c6 19. Ba6+ Bb5 20. a4 Kc7 21. axb5 cxb5 22.
Rxb5 Kc6 23. Rc5+ Kd7 24. Rxc3 Ke6 25. Rc7 Kd5 26. Kf3 1-0

[Event "*** Titled Tuesday Blitz"]
[Site "Chess.com"]
[Date "2019.04.02"]
[Round "3"]
[White "lachesisQ"]
[Black "bascheyaro"]
[Result "1-0"]
[WhiteElo "3036"]
[BlackElo "2725"]
[TimeControl "180+2"]
[EndTime "14:33:59 PDT"]
[Termination "lachesisQ won by resignation"]

1. e4 e6 2. d4 d5 3. Nc3 Bb4 4.
e5 Ne7 5. a3 Bxc3+ 6. bxc3 b6 7. h4 Ba6 8. Bxa6 Nxa6 9. Qg4 O-O 10. h5 f5 11. exf6 Rxf6 12. Bg5 Rf5 13. Nf3 Qe8 14. Nh4 Rf7 15. O-O Nf5 16. Rae1 Qd7 17. Nf3 Rff8 18. Ne5 Qe8 19. Qe2 Nb8 20. g4 Nd6 21. f3 c5 22.
dxc5 bxc5 23. Nd3 Nd7 24. Qxe6+ Qxe6 25. Rxe6 Nb5 26. Re7 Rf7 27. Rfe1 Raf8 28. h6 Nxa3 29. hxg7 Kxg7 30. Nf4 Nc4 31. Ne6+ Kg6 32. Rxd7 Rxf3 1-0

[Event "*** Titled Tuesday Blitz"]
[Site "Chess.com"]
[Date "2019.04.02"]
[Round "3"]
[White "Floatingdream1"]
[Black "biostatistician"]
[Result "1-0"]
[WhiteElo "2824"]
[BlackElo "2560"]
[TimeControl "180+2"]
[EndTime "14:34:02 PDT"]
[Termination "Floatingdream1 won by resignation"]

1. d4 Nf6 2. c4 g6 3. g3 Bg7 4. Bg2 O-O 5. Nc3 Nc6 6. Nf3 d6 7. O-O e5 8. d5 Ne7 9. e4 Nd7 10. Ne1 f5 11. Nd3 Nf6 12. Qe2 fxe4 13. Nxe4 Nxe4 14.
Bxe4 Nf5 15. Be3 Nd4 16. Bxd4 exd4 17. Nf4 Qf6 18. Rae1 Kh8 19. Bg2 Bd7 20. Ne6 Rae8 21. Bh3 b5 22. f4 c6 23. Qf3 bxc4 24. Nxf8 Rxe1 25. Nxd7 Qe7 26. dxc6 Rxf1+ 27. Qxf1 d3 28. c7 Bd4+ 29. Kh1 Qe4+ 30. Bg2 Qe8 31. Bb7 1-0

[Event "*** Titled Tuesday Blitz"]
[Site "Chess.com"]
[Date "2019.04.02"]
[Round "3"]
[White "INDIAN-ELEPHANT"]
[Black "IakovUlivar"]
[Result "1-0"]
[WhiteElo "2709"]
[BlackElo "2516"]
[TimeControl "180+2"]
[EndTime "14:34:04 PDT"]
[Termination "INDIAN-ELEPHANT won on time"]

1. d4 Nf6 2. Nf3 d5 3. c4 e6 4.
Nc3 Be7 5. Bg5 h6 6. Bh4 O-O 7.
e3 Nbd7 8. c5 c6 9. b4 Ne4 10.
Bxe7 Qxe7 11. Nxe4 dxe4 12. Nd2 e5 13. Nxe4 exd4 14.
Qxd4 a5 15. b5 a4 16. Nd6 Rd8 17. Rd1 Nf6 18. Bc4 Be6 19. O-O cxb5 20. Bxb5 Bxa2 21. Bxa4 b6 22. cxb6 Rab8 23. b7 Be6 24. Bc6 Nd7 25.
Bxd7 Qxd7 26. Qe5 Qc7 27. Qg3 Rd7 28. Rc1 Qd8 29. Rc8 1-0

[Event "*** Titled Tuesday Blitz"]
[Site "Chess.com"]
[Date "2019.04.02"]
[Round "3"]
[White "SF-96"]
[Black "Hunninn"]
[Result "0-1"]
[WhiteElo "2552"]
[BlackElo "2618"]
[TimeControl "180+2"]
[EndTime "14:34:04 PDT"]
[Termination "Hunninn won by resignation"]

1. e4 e5 2. Nf3 Nc6 3. Bb5 Nge7 4. O-O d6 5. c3 Bd7 6. d4 Ng6 7. d5 Nb8 8. a4 Be7 9. Na3 O-O 10. Nc2 Bg4 11. Ne3 Bc8 12. Nf5 Nd7 13. a5 a6 14.
Bc4 Bf6 15. b4 Ne7 16. g4 g6 17. Nh6+ Kh8 18. g5 Bg7 19. Be3 f5 20. gxf6 Nxf6 21. Bd3 Bh3 22. Re1 Qd7 23. Nd2 Nh5 24. Bf1 Nf4 25. Bxf4 Rxf4 26. Nf5 Bxf1 27. Nxg7 Bh3 28.
Ne6 Rg4+ 29. Qxg4 Bxg4 30. Ng5 h6 31. Nf7+ Kg7 0-1

[Event "*** Titled Tuesday Blitz"]
[Site "Chess.com"]
[Date "2019.04.02"]
[Round "3"]
[White "stepanosinovsky"]
[Black "talento10"]
[Result "1-0"]
[WhiteElo "2303"]
[BlackElo "2179"]
[TimeControl "180+2"]
[EndTime "14:34:07 PDT"]
[Termination "stepanosinovsky won by resignation"]

1. e4 c5 2. Nf3 d6 3. d4 cxd4 4. Nxd4 Nf6 5. Nc3 g6 6. f3 Bg7 7. Be3 O-O 8. Qd2 Nc6 9. g4 Rb8 10. O-O-O h5 11. gxh5 Nxh5 12. Rg1 a6 13. Nf5 gxf5 14.
Bh6 f6 15. Bc4+ e6 16. exf5 Ne5 17. Bxg7 Nxg7 18. Qh6 Qe7 19. Nd5 Qf7 20. fxe6 Bxe6 21. Nxf6+ Qxf6 22. Bxe6+ Qxe6 23. Qxe6+ Rf7 1-0

[Event "*** Titled Tuesday Blitz"]
[Site "Chess.com"]
[Date "2019.04.02"]
[Round "3"]
[White "francogreek"]
[Black "MasterKroket"]
[Result "0-1"]
[WhiteElo "2409"]
[BlackElo "2390"]
[TimeControl "180+2"]
[EndTime "14:34:08 PDT"]
[Termination "MasterKroket won by resignation"]

1. Nf3 Nf6 2. g3 b6 3. Bg2 Bb7 4. O-O e6 5. a4 a5 6. d3 d5 7.
Nbd2 c5 8. e4 dxe4 9. dxe4 Be7 10. e5 Nfd7 11. c3 Nc6 12. Re1 O-O 13. Qc2 Qc7 14. Nc4 Ba6 15. Na3 Rad8 16. Bf4 Rfe8 17. h4 Nf8 18. h5 h6 19. Nb5 Bxb5 20. axb5 Na7 21. Bf1 Rd5 22. Bc4 Rd7 23. Rad1 Red8 24. Rxd7 Rxd7 25. Rd1 Rxd1+ 26. Qxd1 Qd7 27. Qe2 Bd8 28. Nd2 Bc7 29. Kh2 Nc8 30. Qe4 Ne7 31.
Qb7 Bxe5 32. Qxd7 Nxd7 33. Be3 Nd5 34. Bxd5 exd5 35. f4 Bf6 36. Nf3 g6 37. hxg6 fxg6 38. Kg2 h5 39. Bf2 Kf7 40. Nh2 Ke6 41. g4 d4 42. c4 d3 43. Kf3 Bxb2 44. Ke3 Bd4+ 45.
Kf3 d2 0-1

[Event "*** Titled Tuesday Blitz"]
[Site "Chess.com"]
[Date "2019.04.02"]
[Round "3"]
[White "nabukatnezarr"]
[Black "bubacik"]
[Result "1-0"]
[WhiteElo "2576"]
[BlackElo "2599"]
[TimeControl "180+2"]
[EndTime "14:34:10 PDT"]
[Termination "nabukatnezarr won by resignation"]

1. e4 e5 2. Nc3 Nc6 3. g3 g6 4. Bg2 Bg7 5. Nge2 Nge7 6. O-O O-O 7. f4 d6 8. h3 f5 9. d3 exf4 10. Bxf4 fxe4 11. Nxe4 h6 12. c3 Be6 13. Qd2 Kh7 14.
g4 Rf7 15. g5 h5 16. Nf6+ Bxf6 17. gxf6 Rxf6 18. Bg5 Rxf1+ 19. Rxf1 Qg8 20. Nf4 Rf8 21. Re1 Ne5 22. Bxe7 Rf5 23. d4 Nc4 24. Qe2 Bf7 25. Ne6 Bxe6 26. Qxe6 Qxe6 27. Rxe6 Nxb2 28. Be4 Ra5 29.
Rxg6 Nd1 30. Rg5+ 1-0

[Event "*** Titled Tuesday Blitz"]
[Site "Chess.com"]
[Date "2019.04.02"]
[Round "3"]
[White "dreamist"]
[Black "FairChess_on_YouTube"]
[Result "1/2-1/2"]
[WhiteElo "2698"]
[BlackElo "3052"]
[TimeControl "180+2"]
[EndTime "14:34:11 PDT"]
[Termination "Game drawn by agreement"]

1. e4 c5 2. Nf3 e6 3. d4 cxd4 4.
Nxd4 Nc6 5. Nc3 Qc7 6. g3 a6 7. Bg2 Nf6 8. O-O Be7 9. Re1 O-O 10. Nxc6 dxc6 11. e5 Rd8 12. Qe2 Nd5 13. Bd2 b5 14. f4 Nxc3 15. Bxc3 b4 16. Bd2 a5 17.
Be3 Bb7 18. Rad1 c5 19. Rxd8+ Rxd8 20. Rd1 Bxg2 21. Kxg2 Qc6+ 22. Kf2 Rxd1 23. Qxd1 g6 24. h4 h5 25. b3 c4 26. Qf3 Qc8 27. Qe4 cxb3 28.
axb3 Bc5 29. Bxc5 Qxc5+ 30. Ke2 Kg7 31. Qd3 Qc6 32. Kd2 a4 33. bxa4 Qxa4 34. Qb3 Qb5 35. Qd3 Qa5 36. Qb3 Qc5 37. Qe3 Qc4 38. Qd3 Qc5 39. Qe3 Qd5+ 40. Qd3 1/2-1/2

[Event "*** Titled Tuesday Blitz"]
[Site "Chess.com"]
[Date "2019.04.02"]
[Round "3"]
[White "kleinebeer98"]
[Black "Guenplen"]
[Result "0-1"]
[WhiteElo "2733"]
[BlackElo "2910"]
[TimeControl "180+2"]
[EndTime "14:34:17 PDT"]
[Termination "Guenplen won by resignation"]

1. e4 c5 2. Nf3 e6 3. d4 cxd4 4. Nxd4 Nc6 5. Nc3 a6 6. g4 Nxd4 7. Qxd4 b5 8. Bg2 Bb7 9. O-O Ne7 10. Bg5 f6 11. Be3 Nc6 12. Qd1 Ne5 13.
Bd4 Rc8 14. f4 Nc4 15. Qc1 Qc7 16. Kh1 Bc5 17. Ne2 O-O 18. c3 e5 19. Bxc5 Qxc5 20. Ng3 Ne3 21. h3 Nxf1 22. Qxf1 d5 23. Re1 dxe4 24.
Bxe4 Bxe4+ 25. Nxe4 Qd5 26. Qf3 Rcd8 27. b3 f5 28. gxf5 Rxf5 29. Rg1 Rxf4 30. Qxf4 exf4 0-1

[Event "*** Titled Tuesday Blitz"]
[Site "Chess.com"]
[Date "2019.04.02"]
[Round "3"]
[White "DACF2905"]
[Black "LaughingTiger"]
[Result "0-1"]
[WhiteElo "2069"]
[BlackElo "2172"]
[TimeControl "180+2"]
[EndTime "14:34:19 PDT"]
[Termination "LaughingTiger won by resignation"]

1. e4 c5 2. Nf3 e6 3. d4 cxd4 4. Nxd4 a6 5. Bd3 Qc7 6. Qe2 Nf6 7. c4 d6 8. Nc3 Nbd7 9. O-O Be7 10. Kh1 b6 11. Be3 Bb7 12. b4 Ne5 13. f4 Nxd3 14.
Qxd3 O-O 15. Rac1 Rfd8 16. f5 e5 17. Nf3 Rab8 18. h3 Rdc8 19. Nd5 Bxd5 20. cxd5 Qb7 21. Rxc8+ Rxc8 22. Rc1 Rxc1+ 23. Bxc1 Qc8 24. Be3 b5 25. Bd2 Qc4 26. Qe3 Qxe4 27. Qa7 Bf8 28. Qxa6 Qxd5 29.
Qc8 e4 30. Ng5 Qxd2 31. Ne6 fxe6 32. Qxe6+ Kh8 33. Qf7 Qc1+ 34. Kh2 Qf4+ 35. Kh1 e3 36. Qxf8+ Ng8 37. g3 Qf1+ 38. Kh2 Qf2+ 39. Kh1 e2 0-1

[Event "*** Titled Tuesday Blitz"]
[Site "Chess.com"]
[Date "2019.04.02"]
[Round "3"]
[White "Maili15"]
[Black "SolidAsARook"]
[Result "1-0"]
[WhiteElo "2282"]
[BlackElo "2237"]
[TimeControl "180+2"]
[EndTime "14:34:23 PDT"]
[Termination "Maili15 won by resignation"]

1. d4 Nf6 2. c4 e6 3. Nc3 Bb4 4. e3 O-O 5. Bd3 d5 6. Nf3 b6 7. cxd5 exd5 8. O-O Bb7 9. Ne5 Nbd7 10. f4 Ne4 11.
Qc2 Ndf6 12. Nxe4 dxe4 13. Be2 c5 14. a3 Ba5 15. Qa4 Nd5 16. dxc5 bxc5 17. Qxe4 Qe7 18.
Bd3 f5 19. Qa4 Bb6 20. Bc4 Kh8 21. Qb3 Rad8 22. Rf3 Ba8 23. Bd2 Bc7 24. Bc3 Bxe5 25. Bxe5 Nb6 26. Rg3 1-0

[Event "*** Titled Tuesday Blitz"]
[Site "Chess.com"]
[Date "2019.04.02"]
[Round "3"]
[White "viggi38"]
[Black "Gabix_94"]
[Result "0-1"]
[WhiteElo "2596"]
[BlackElo "2576"]
[TimeControl "180+2"]
[EndTime "14:34:24 PDT"]
[Termination "Gabix_94 won on time"]

1. d4 Nf6 2. c4 e6 3. g3 c5 4. d5 exd5 5. cxd5 b5 6. e4 Nxe4 7. Bg2 Nd6 8. Nf3 Qe7+ 9. Be3 Nc4 10.
O-O Nxe3 11. fxe3 d6 12. e4 Nd7 13. e5 dxe5 14. d6 Qxd6 15. Qxd6 Bxd6 16. Ng5 Be7 17.
Nxf7 Rf8 18. Bxa8 Rxf7 19. Rxf7 Kxf7 20. Nc3 a6 21. Bd5+ Ke8 22. Re1 c4 23. Bc6 Bc5+ 24.
Kg2 Bd4 25. Ne4 Ke7 26. b3 c3 27. b4 Nf6 28. Nf2 Be6 29. Bb7 Bxa2 30. Bxa6 Bd5+ 31. Kf1 Bc4+ 32. Kg2 Kd6 33. Bb7 c2 34. Ne4+ Kc7 35.
Nxf6 Kxb7 0-1

[Event "*** Titled Tuesday Blitz"]
[Site "Chess.com"]
[Date "2019.04.02"]
[Round "3"]
[White "jefferyx"]
[Black "Miguelito"]
[Result "1-0"]
[WhiteElo "2865"]
[BlackElo "2604"]
[TimeControl "180+2"]
[EndTime "14:34:25 PDT"]
[Termination "jefferyx won by resignation"]

1. d4 Nf6 2. c4 e6 3. Nc3 Bb4 4. Nf3 b6 5. Qc2 Bb7 6. a3 Bxc3+ 7. Qxc3 O-O 8. e3 d6 9. Be2 Ne4 10. Qc2 Nd7 11. O-O f5 12. Ne1 Qh4 13. c5 bxc5 14. f3 Ng5 15. dxc5 dxc5 16. b4 Rf6 17. g3 Qh3 18. e4 Rg6 19. exf5 exf5 20. bxc5 Bd5 21.
Ng2 Ne6 22. Bc4 Bxc4 23. Qxc4 Kh8 24. Qd5 Rd8 25. Nf4 Nxf4 26. Bxf4 c6 27. Qd4 Re6 28. Rfe1 Rxe1+ 29. Rxe1 h5 30. Re7 1-0

[Event "*** Titled Tuesday Blitz"]
[Site "Chess.com"]
[Date "2019.04.02"]
[Round "3"]
[White "Superfelix"]
[Black "Cayse"]
[Result "0-1"]
[WhiteElo "2433"]
[BlackElo "2630"]
[TimeControl "180+2"]
[EndTime "14:34:26 PDT"]
[Termination "Cayse won by resignation"]

1. e4 e5 2. Nf3 Nc6 3. d4 exd4 4. Nxd4 Nf6 5. Nc3 Bb4 6. Nxc6 bxc6 7. Bd3 O-O 8. O-O Re8 9. Qf3 Rb8 10. h3 Bd6 11. b3 Be5 12. Bb2 d6 13. Na4 Nd7 14. Rad1 c5 15. Rfe1 Qe7 16. Bxe5 Nxe5 17. Qg3 Qf6 18.
f4 Nxd3 19. cxd3 Bd7 20. e5 Qf5 21. Nc3 Bc6 22. Ne4 dxe5 23. fxe5 Qxe5 24. Qxe5 Rxe5 25. Nd2 Rbe8 26. Rxe5 Rxe5 27. Kf2 Rf5+ 28. Kg1 Rd5 29. Nc4 h5 30. Ne3 Rd4 31. Nf5 Rd7 32. Rc1 Bb5 33.
Rxc5 Bxd3 34. Ne3 g6 35. Ra5 c6 36. Kf2 Be4 37. Ke2 h4 38. Ng4 Kg7 39. Ne3 f5 40.
a4 f4 41. Ng4 Bxg2 42. Ne5 Re7 43. Kf2 Bd5 44. b4 Rxe5 0-1

[Event "*** Titled Tuesday Blitz"]
[Site "Chess.com"]
[Date "2019.04.02"]
[Round "3"]
[White "northridgehawk"]
[Black "HanSchut"]
[Result "1-0"]
[WhiteElo "2217"]
[BlackElo "2176"]
[TimeControl "180+2"]
[EndTime "14:34:29 PDT"]
[Termination "northridgehawk won by resignation"]

1. e4 c5 2. Nf3 d6 3. d4 cxd4 4.
Nxd4 Nf6 5. Nc3 a6 6. h3 e6 7. g4 d5 8. exd5 Nxd5 9. Nxd5 Qxd5 10. Rg1 Bc5 11. Be3 Bxd4 12. Qxd4 Qxd4 13. Bxd4 O-O 14. O-O-O Nc6 15. Bc3 e5 16. Bg2 f6 17.
Bd5+ Kh8 18. Rge1 Bd7 19. Be4 Rad8 20. Rd6 Bc8 21. Red1 Rxd6 22. Rxd6 Rd8 23. Bb4 Rxd6 24. Bxd6 Be6 25. a4 Kg8 26. c3 Kf7 27. f4 exf4 28. Bxf4 Ke8 29. Bxh7 Bb3 30. h4 Bxa4 31. h5 Bb3 32.
Bf5 Bd5 33. Kd2 Ne7 34. Bd3 Bc6 35. Ke3 Nd5+ 36. Ke4 Nxf4+ 37. Kxf4 Ke7 38. Kf5 Bd7+ 39. Kf4 Kd6 40. Be4 b6 41. Bd3 a5 42. g5 fxg5+ 43. Kxg5 Be8 44. Bg6 Bd7 45. Bf7 Ke7 46. Kg6 Bf5+ 47.
Kxg7 Kd6 48. h6 Kc5 49. Bg6 1-0